 Dungeon Crawl Stone Soup version 0.24.0-1-gfbc8707 (webtiles) character file.

Game seed: 16691182688763220362, levelgen mode: deterministic

1435 bonscott the Grasshopper (level 8, -6/64 HPs)
             Began as a Gnoll Warper on Nov 4, 2019.
             Was a Believer of Cheibriados.
             Mangled by a spriggan baker
             ... wielding a +0 dagger
              (12 damage)
             ... on level 7 of the Dungeon.
             The game lasted 00:31:13 (5828 turns).

bonscott the Grasshopper (Gnoll Warper)             Turns: 5828, Time: 00:31:13

Health: -6/64      AC:  4    Str: 25    XL:     8   Next: 73%
Magic:  16/17      EV: 16    Int: 22    God:    Cheibriados [**....]
Gold:   365        SH:  0    Dex: 19    Spells: 6/19 levels left

rFire    + . .     SeeInvis .   a - +3 falchion (holy)
rCold    . . .     Gourm    .   (no shield)
rNeg     . . .     Faith    .   v - +0 leather armour
rPois    .         Spirit   .   (no helmet)
rElec    .         Reflect  .   h - +0 cloak {+Inv}
rCorr    .         Harm     .   (no gloves)
MR       .....                  (no boots)
Stlth    ++........             (no amulet)
HPRegen  0.20/turn              K - ring of wizardry
MPRegen  0.15/turn              l - ring of protection from fire

@: mighty, very slow
A: distributed training, fangs 1, strong nose
a: Bend Time, Renounce Religion, Evoke Invisibility


You were on level 7 of the Dungeon.
You worshipped Cheibriados.
Cheibriados was pleased with you.
You were hungry.

You visited 1 branch of the dungeon, and saw 7 of its levels.

You collected 365 gold pieces.

Inventory:

Hand Weapons
 a - a +3 falchion of holy wrath (weapon)
 b - a +3 hunting sling
 A - a +3 short sword of freezing
Missiles
 e - 5 boomerangs of dispersal
 i - 12 javelins
 j - 84 bolts
 p - 199 stones (quivered)
 y - 51 arrows
 z - 42 sling bullets
 G - 19 poisoned darts
 L - 3 boomerangs
Armour
 h - a +0 cloak of invisibility (worn)
 v - a +0 leather armour (worn)
Jewellery
 l - a ring of protection from fire (right hand)
 E - an uncursed ring of stealth {unknown}
 K - a ring of wizardry (left hand)
Wands
 M - a wand of polymorph (10)
Scrolls
 d - a scroll of blinking
 g - a scroll of enchant weapon
 k - 2 scrolls of fear
 m - a scroll of magic mapping
 q - a scroll of amnesia {unknown}
 s - a scroll of noise {unknown}
 u - a scroll of fog
 B - 3 scrolls of teleportation
 D - a scroll of immolation {unknown}
Potions
 c - 2 potions of lignification {unknown}
 n - 3 potions of curing {unknown}
 o - 3 potions of flight
 r - a potion of brilliance {unknown}
 t - 3 potions of invisibility {unknown}
 w - 3 potions of ambrosia {unknown}
 x - a potion of might
 C - 2 potions of heal wounds {unknown}
 F - 2 potions of berserk rage {unknown}
 H - a potion of haste {unknown}
 I - a potion of magic {unknown}
Comestibles
 f - 13 rations


   Skills:
 + Level 5.8 Fighting
 + Level 3.4 Short Blades
 + Level 5.8 Long Blades
 + Level 3.4 Axes
 + Level 3.4 Maces & Flails
 + Level 3.4 Polearms
 + Level 3.4 Staves
 + Level 3.4 Slings
 + Level 3.4 Bows
 + Level 3.4 Crossbows
 + Level 4.3 Throwing
 + Level 4.3 Armour
 + Level 5.8 Dodging
 + Level 3.4 Stealth
 + Level 3.4 Shields
 + Level 3.4 Unarmed Combat
 + Level 6.1 Spellcasting
 + Level 2.8 Conjurations
 + Level 2.8 Hexes
 + Level 2.8 Charms
 + Level 2.8 Summonings
 + Level 2.8 Necromancy
 + Level 6.2 Translocations
 + Level 2.8 Transmutations
 + Level 2.8 Fire Magic
 + Level 2.8 Ice Magic
 + Level 2.8 Air Magic
 + Level 2.8 Earth Magic
 + Level 2.8 Poison Magic
 + Level 3.8 Invocations
 + Level 3.4 Evocations


You had 6 spell levels left.
You knew the following spells:

 Your Spells              Type           Power        Failure   Level  Hunger
b - Blink                 Tloc           N/A          1%          2    None
g - Gell's Gravitas       Tloc           ####......   1%          3    #......
l - Lesser Beckoning      Tloc           ####......   1%          3    #......
t - Tukima's Dance        Hex            ###.....     4%          3    #......
G - Shroud of Golubria    Chrm/Tloc      ####..       1%          2    None

Your spell library contained the following spells:

 Spells                   Type           Power        Failure   Level  Hunger
 Corona                   Hex            ###....      1%          1    None
 Ensorcelled Hibernation  Hex/Ice        ###...       1%          2    None
 Teleport Other           Tloc           ####....     1%          3    #......
 Passage of Golubria      Tloc           N/A          3%          4    ###....
 Confuse                  Hex            ###.....     4%          3    #......
 Dazzling Spray           Conj/Hex       ###...       4%          3    #......


Dungeon Overview and Level Annotations

Branches:
Dungeon (7/15)             Temple (0/1) D:5

Altars:
Ashenzari
Cheibriados
Dithmenos
Gozag
Ru
Trog
Vehumet
Xom
Yredelemnul


Innate Abilities, Weirdness & Mutations

Your experience applies equally to all skills.
You have very sharp teeth.
Your uncanny sense of smell can sniff out nearby items.


Message History

The now-empty wand crumbles to dust.
The spriggan baker barely misses you.
You riposte.
You hit the spriggan baker.
The spriggan baker is heavily wounded.
No previous command to re-do.
You hit the spriggan baker.
The spriggan baker is severely wounded.
The spriggan baker hits you with a +0 dagger.
You miss the spriggan baker. Your bite misses the spriggan baker.
The spriggan baker is severely wounded.
The spriggan baker hits you with a +0 dagger!
* * * LOW HITPOINT WARNING * * *
Your shroud falls apart!
You miss the spriggan baker.
The spriggan baker is severely wounded.
The spriggan baker hits you with a +0 dagger!
* * * LOW HITPOINT WARNING * * *
It was a potion of might.
You feel very mighty all of a sudden.
The spriggan baker hits you with a +0 dagger!
You die...

# ### .# .... %%# ...
.........# ##.# ....
.........# #i.#..........#
.........####@#...........
..........##..............#..
.........##..................
..........................# .
#................<.....##.
#...............#.........
#.......#.<.......##.........
#......####....####...........
....... #.....##...........#


You could see a spriggan baker.

Vanquished Creatures
  Menkaure (D:4)
  A black bear (D:7)
  A sky beast (D:5)
  A phantom (D:5)
  2 scorpions
  4 wights (D:6)
  2 howler monkeys
  2 crimson imps
  6 hounds
  2 centaur skeletons
  3 orc priests
  2 orc wizards (D:4)
  An iguana (D:5)
  2 worker ants (D:4)
  2 worker ant zombies
  7 adders
  A shadow imp (D:5)
  An ooze (D:1)
  An adder skeleton (D:4)
  2 worms
  3 dart slugs
  2 leopard geckos
  10 orcs
  2 ball pythons (D:3)
  4 giant cockroaches
  7 hobgoblins
  3 quokkas
  9 bats
  2 frilled lizards
  8 goblins
  4 kobolds
  5 rats
103 creatures vanquished.

Notes
Turn   | Place    | Note
-------+----------+-------------------------------------------
     0 | D:1      | bonscott the Gnoll Warper began the quest for the Orb.
     0 | D:1      | Reached XP level 1. HP: 20/20 MP: 6/6
   295 | D:1      | Reached XP level 2. HP: 24/26 MP: 7/7
   619 | D:1      | Learned a level 2 spell: Blink
   629 | D:1      | Learned a level 2 spell: Shroud of Golubria
   954 | D:1      | Reached XP level 3. HP: 28/31 MP: 9/9
  1052 | D:2      | Reached skill level 5 in Spellcasting
  1322 | D:2      | Reached skill level 1 in Invocations
  1402 | D:2      | Reached skill level 1 in Short Blades
  1402 | D:2      | Reached skill level 1 in Axes
  1402 | D:2      | Reached skill level 1 in Maces & Flails
  1402 | D:2      | Reached skill level 1 in Polearms
  1402 | D:2      | Reached skill level 1 in Staves
  1402 | D:2      | Reached skill level 1 in Slings
  1402 | D:2      | Reached skill level 1 in Bows
  1402 | D:2      | Reached skill level 1 in Crossbows
  1402 | D:2      | Reached skill level 1 in Stealth
  1402 | D:2      | Reached skill level 1 in Shields
  1402 | D:2      | Reached skill level 1 in Unarmed Combat
  1402 | D:2      | Reached skill level 1 in Evocations
  1407 | D:2      | Learned a level 3 spell: Gell's Gravitas
  1411 | D:2      | Learned a level 3 spell: Lesser Beckoning
  1462 | D:2      | Reached XP level 4. HP: 35/38 MP: 11/11
  1542 | D:2      | Learned a level 3 spell: Tukima's Dance
  1603 | D:2      | Found a basalt altar of Yredelemnul.
  1957 | D:3      | Found a shattered altar of Ashenzari.
  1958 | D:3      | Found a snail-covered altar of Cheibriados.
  1962 | D:3      | Found a shimmering altar of Xom.
  1971 | D:3      | Became a worshipper of Cheibriados the Contemplative
  2062 | D:3      | Found an opulent altar of Gozag.
  2078 | D:3      | Reached skill level 1 in Conjurations
  2078 | D:3      | Reached skill level 1 in Hexes
  2078 | D:3      | Reached skill level 1 in Charms
  2078 | D:3      | Reached skill level 1 in Summonings
  2078 | D:3      | Reached skill level 1 in Necromancy
  2078 | D:3      | Reached skill level 1 in Transmutations
  2078 | D:3      | Reached skill level 1 in Fire Magic
  2078 | D:3      | Reached skill level 1 in Ice Magic
  2078 | D:3      | Reached skill level 1 in Air Magic
  2078 | D:3      | Reached skill level 1 in Earth Magic
  2078 | D:3      | Reached skill level 1 in Poison Magic
  2086 | D:3      | Reached XP level 5. HP: 13/43 MP: 1/12
  2796 | D:4      | Reached * piety under Cheibriados
  2834 | D:4      | Reached XP level 6. HP: 41/50 MP: 13/13
  2883 | D:4      | Found a bloodstained altar of Trog.
  3017 | D:4      | Noticed Menkaure
  3034 | D:4      | Killed Menkaure
  3034 | D:4      | Reached skill level 5 in Fighting
  3034 | D:4      | Reached skill level 5 in Long Blades
  3034 | D:4      | Reached skill level 5 in Dodging
  3204 | D:4      | Reached XP level 7. HP: 54/56 MP: 1/15
  3649 | D:5      | Entered Level 5 of the Dungeon
  3775 | D:5      | Found a sacrificial altar of Ru.
  4044 | D:5      | Found a radiant altar of Vehumet.
  4054 | D:5      | Found a shadowy altar of Dithmenos.
  4251 | D:5      | Found a staircase to the Ecumenical Temple.
  4265 | D:5      | Reached ** piety under Cheibriados
  4284 | D:5      | Reached XP level 8. HP: 39/63 MP: 2/16
  5811 | D:7      | Noticed a spriggan baker
  5828 | D:7      | Mangled by a spriggan baker

Levels and vault maps discovered:
D:1:      dpeg_arrival_central, layout_basic, minmay_misc_feat_tiny
D:2:      layout_rooms, nicolae_overflow_hidden_temple
D:3:      layout_loops_cross, chequers_temple_overflow_statue_of_worship,
          grunt_gozag_breadcrumbs
D:4:      layout_layer_cave, nicolae_overflow_crystal_walls, first_ration,
          minmay_misc_feat_iff, uniq_menkaure
D:5:      layout_gridville, minitemple, hangedman_ru_absence,
          minmay_temple_entry_gardened_gates, minmay_fountain_box, minivault_24
D:6:      layout_layer_cave, minmay_splitting_lines
D:7:      layout_cave_pools, marbit_many_paths, the_bakery

Skill      XL: |  1  2  3  4  5  6  7  8 |
---------------+-------------------------+-----
Spellcasting   | 5 6 |  6.1
Invocations    | 1 2 3 |  3.8
Short Blades   | 1 2 3 |  3.4
Axes           | 1 2 3 |  3.4
Maces & Flails | 1 2 3 |  3.4
Polearms       | 1 2 3 |  3.4
Staves         | 1 2 3 |  3.4
Slings         | 1 2 3 |  3.4
Bows           | 1 2 3 |  3.4
Crossbows      | 1 2 3 |  3.4
Stealth        | 1 2 3 |  3.4
Shields        | 1 2 3 |  3.4
Unarmed Combat | 1 2 3 |  3.4
Evocations     | 1 2 3 |  3.4
Conjurations   | 1 2 |  2.8
Hexes          | 1 2 |  2.8
Charms         | 1 2 |  2.8
Summonings     | 1 2 |  2.8
Necromancy     | 1 2 |  2.8
Transmutations | 1 2 |  2.8
Fire Magic     | 1 2 |  2.8
Ice Magic      | 1 2 |  2.8
Air Magic      | 1 2 |  2.8
Earth Magic    | 1 2 |  2.8
Poison Magic   | 1 2 |  2.8
Throwing       | 3 4 |  4.3
Armour         | 3 4 |  4.3
Fighting       | 5 |  5.8
Long Blades    | 5 |  5.8
Dodging        | 5 |  5.8
Translocations | 6 |  6.2

Action                   |  1- 3 |  4- 6 |  7- 9 || total
-------------------------+-------+-------+-------++-------
Melee: Falchion          |    78 |    69 |   128 ||   275
       Bite              |     7 |     6 |    12 ||    25
       Punch             |       |       |     1 ||     1
 Fire: Hunting sling     |       |       |    38 ||    38
Throw: Stone             |    33 |    18 |       ||    51
       Javelin           |     2 |    13 |       ||    15
       Dart              |       |     6 |       ||     6
       Boomerang         |       |       |    15 ||    15
 Cast: Lesser Beckoning  |     1 |       |       ||     1
       Gell's Gravitas   |       |     5 |    11 ||    16
       Shroud of Golubri |       |     4 |     8 ||    12
Evoke: Wand              |       |       |     6 ||     6
  Use: Scroll            |     1 |     2 |     6 ||     9
       Potion            |       |       |     1 ||     1
 Stab: Sleeping          |     1 |     4 |     2 ||     7
  Eat: Chunk             |     2 |     5 |     4 ||    11
Armor: Leather armour    |    11 |    17 |    18 ||    46
Dodge: Dodged            |    54 |    44 |   102 ||   200
       Rpst.: Falchion   |    15 |    16 |    24 ||    55
